 Dungeon Crawl Stone Soup version 0.31.0-9-g3a7656b989 (webtiles) character file.

Game seed: 5341360403603728053

91473680 Sapher the Metallomancer (level 27, 239/239 HPs)
             Began as an Octopode Earth Elementalist on Jan 21, 2024.
             Was the Champion of Cheibriados.
             Escaped with the Orb
             ... and 15 runes
             ... and 10 gems on Jan 24, 2024!
             The game lasted 09:50:15 (15790 turns).

Sapher the Metallomancer (OpEE)                    Turns: 15790, Time: 09:50:16

Health: 239/239    AC: 32    Str: 32    XL:     27
Magic:  69/76      EV: 37    Int: 61    God:    Cheibriados [******]
Gold:   1491       SH: 30    Dex: 38    Spells: 10/70 levels left

rFire   + + +        D - staff of Karma {rF+ rC+++ SInv Stlth- Fire Earth}
rCold   + + +        g - +4 tower shield {rF+}
rNeg    + + +        v - -2 hat of the Alchemist {rElec rPois rF+ rC+ rN+ Will+ rMut rCorr}
rPois   ∞            X - amulet "Zihaagh" {Regen+ Int+2 Dex+3}
rElec   +            M - ring of magical power
rCorr   +            W - ring "Qaxil" {rF+ Str+5 Int+6}
SInv    +            u - ring "Gape" {Will+ Int+6}
Will    +++++        A - ring "Boetzeh" {Will+ Int+4 Dex+3}
Stlth   ++           m - ring of magical power
HPRegen 1.39/turn    t - +4 ring of protection
MPRegen 0.45/turn    K - ring "Ferch" {MP+9 Str+2 SInv}
                     S - ring "Zefylo" {rN+ Dex+4}

%: resist mutation
@: statue-form, very slow
A: slow and powerful, torment resistance 1, boosted hp, almost no armour,
amphibious, 8 rings, camouflage 1, (gelatinous body 1), (nimble swimmer 1),
tentacles, cold resistance 1
0: Orb of Zot
}: 15/15 runes: barnacled, slimy, silver, golden, iron, obsidian, icy, bone,
abyssal, demonic, glowing, magical, fiery, dark, gossamer
a: Begin Untransformation, Renounce Religion, Bend Time, Temporal Distortion,
Slouch, Step From Time


You escaped.
You worshipped Cheibriados.
Cheibriados was exalted by your worship.
You were a living statue of rough stone.
You visited 18 branches of the dungeon, and saw 88 of its levels.
You visited Pandemonium 2 times, and saw 17 of its levels.
You visited the Abyss 1 time.
You visited 1 ziggurat, and saw 13 of its levels.
You also visited: Desolation.

You collected 4001 gold pieces.
You spent 2510 gold pieces at shops.

Inventory:

Hand Weapons
 H - a +3 long sword of distortion
 Q - the +9 broad axe of the Unbearable God {protect, Int+7 Dex+6}
   (You acquired it on level 1 of the Spider Nest)

   Int+7:     It affects your intelligence (+7).
   Dex+6:     It affects your dexterity (+6).
Missiles
 Y - 2 throwing nets
Armour
 g - a +4 tower shield of fire resistance (worn)
 v - the -2 hat of the Alchemist (worn) {rElec rPois rF+ rC+ rN+ Will+ rMut rCorr}
   (You found it on level 7 of Gehenna)

   rF+:       It protects you from fire.
   rC+:       It protects you from cold.
   rElec:     It insulates you from electricity.
   rPois:     It protects you from poison rN+: It protects you from negative
   energy.
   Will+:     It increases your willpower.
   rCorr:     It protects you from acid and corrosion.
   rMut:      It protects you from mutation.
Magical Staves
 D - the staff of Karma (weapon) {rF+ rC+++ SInv Stlth- Fire Earth}
   (You found it in the Desolation of Salt)

   [staff of fire]

   Base accuracy: +5 Base damage: 5 Base attack delay: 1.2 This weapon's minimum
   attack delay (0.6) is reached at skill level 12.
   rF+:       It protects you from fire.
   rC+++:     It renders you almost immune to cold.
   SInv:      It lets you see invisible.
   Stlth-:    It makes you less stealthy.
   Fire:      It increases the power of your Fire spells.
   Earth:     It increases the power of your Earth spells.
   It falls into the 'Staves' category.
   It is a one-tentacled weapon.
Jewellery
 m - a ring of magical power (on tentacle)
 n - an amulet of magic regeneration
 t - a +4 ring of protection (on tentacle)
 u - the ring "Gape" (on tentacle) {Will+ Int+6}
   (You acquired it on level 1 of the Lair of Beasts)

   [ring of intelligence]

   Int+6:     It affects your intelligence (+6).
   Will+:     It increases your willpower.
 w - the ring "Vaedojee" {Fire ^Drain rElec Str+3 Int+3 Dex+2}
   (You took it off a deep elf demonologist on level 3 of the Elven Halls)

   [ring of fire]

   Fire:      It enhances your fire magic.
   Str+3:     It affects your strength (+3).
   Int+3:     It affects your intelligence (+3).
   Dex+2:     It affects your dexterity (+2).
   rF+:       It protects you from fire.
   rC-:       It makes you vulnerable to cold.
   rElec:     It insulates you from electricity.
   ^Drain:    It drains your maximum health when unequipped.
 A - the ring "Boetzeh" (on tentacle) {Will+ Int+4 Dex+3}
   (You found it on level 9 of a ziggurat)

   [ring of willpower]

   Int+4:     It affects your intelligence (+4).
   Dex+3:     It affects your dexterity (+3).
   Will+:     It increases your willpower.
 E - the ring of Maka Ripy {rElec rF+ Dex+2}
   (You found it on level 5 of the Pits of Slime)

   [ring of protection from fire]

   Dex+2:     It affects your dexterity (+2).
   rF+:       It protects you from fire.
   rElec:     It insulates you from electricity.
 F - the ring of Desertification {Fire Will++ Str-4 SInv Stlth+}
   (You found it on level 8 of a ziggurat)

   [ring of fire]

   Fire:      It enhances your fire magic.
   Str-4:     It affects your strength (-4).
   rF+:       It protects you from fire.
   rC-:       It makes you vulnerable to cold.
   Will++:    It greatly increases your willpower.
   SInv:      It lets you see invisible.
   Stlth+:    It makes you more stealthy.
 K - the ring "Ferch" (on tentacle) {MP+9 Str+2 SInv}
   (You bought it in a shop on level 2 of the Orcish Mines)

   [ring of see invisible]

   Str+2:     It affects your strength (+2).
   MP+9:      It affects your magic capacity (+9).
   SInv:      It lets you see invisible.
 M - a ring of magical power (left tentacle)
 N - a ring of positive energy
 P - the ring "Cixuxof" {Int+4 SInv Stlth+}
   (You took it off a servant of whispers in the Desolation of Salt)

   [ring of see invisible]

   Int+4:     It affects your intelligence (+4).
   SInv:      It lets you see invisible.
   Stlth+:    It makes you more stealthy.
 R - a ring of resist corrosion
 S - the ring "Zefylo" (on tentacle) {rN+ Dex+4}
   (You took it off a deep elf annihilator on level 3 of the Elven Halls)

   [ring of positive energy]

   Dex+4:     It affects your dexterity (+4).
   rN+:       It protects you from negative energy.
 T - a +4 ring of protection
 W - the ring "Qaxil" (right tentacle) {rF+ Str+5 Int+6}
   (You found it in the Desolation of Salt)

   [ring of intelligence]

   Str+5:     It affects your strength (+5).
   Int+6:     It affects your intelligence (+6).
   rF+:       It protects you from fire.
 X - the amulet "Zihaagh" (around mantle) {Regen+ Int+2 Dex+3}
   (You took it off a balrug in Pandemonium)

   [amulet of regeneration]

   Int+2:     It affects your intelligence (+2).
   Dex+3:     It affects your dexterity (+3).
   Regen+:    It increases your rate of health regeneration.
Talismans
 U - a granite talisman (active)
Wands
 c - a wand of digging (4)
 l - a wand of mindburst (16)
 q - a wand of charming (22)
 O - a wand of acid (18)
 V - a wand of iceblast (39)
Scrolls
 a - a scroll of summoning
 e - 2 scrolls of amnesia
 i - 2 scrolls of fog
 o - a scroll of fear
 p - 6 scrolls of teleportation
 r - 2 scrolls of brand weapon
 Z - 2 scrolls of immolation
Potions
 f - 2 potions of curing
 h - a potion of lignification
 j - a potion of invisibility
 s - 13 potions of mutation
 z - 4 potions of might
 I - 3 potions of cancellation
Miscellaneous
 b - a figurine of a ziggurat
 d - the horn of Geryon
 x - a condenser vane
 y - a lightning rod (4/4)


   Skills:
 + Level 14.3 Fighting
 - Level 12.1 Axes
 + Level 17.6 Dodging
 - Level 6.4 Stealth
 + Level 16.6 Shields
 + Level 22.4 Spellcasting
 - Level 3.0 Conjurations
 - Level 23.1 Summonings
 - Level 5.0 Necromancy
 - Level 7.0 Translocations
 - Level 17.0 Fire Magic
 - Level 4.0 Ice Magic
 - Level 23.1 Earth Magic
 - Level 14.0 Invocations
 - Level 6.0 Evocations
 + Level 18.5 Shapeshifting


You had 10 spell levels left.
You knew the following spells:

 Your Spells              Type           Power      Damage    Failure   Level
a - Passwall              Erth           100%       N/A       0%          3
b - Borgnjor's Vile Clut  Necr/Erth      75%        N/A       1%          5
d - Dragon's Call         Summ           75%        N/A       1%          9
h - Summon Horrible Thin  Summ           75%        N/A       1%          8
m - Malign Gateway        Summ/Tloc      64%        N/A       1%          7
n - Apportation           Tloc           100%       N/A       0%          1
s - Shatter               Erth           88%        3d63*     1%          9
t - Ignition              Fire           80%        3d21      1%          8
z - Passage of Golubria   Tloc           100%       N/A       1%          4
X - Bombard               Conj/Erth      74%        9d12      1%          6

Your spell library contained the following spells:

 Spells                   Type           Power      Damage    Failure   Level
 Foxfire                  Conj/Fire      100%       2x1d9     0%          1
 Sandblast                Erth           100%       2d20      0%          1
 Summon Small Mammal      Summ           100%       N/A       0%          1
 Call Imp                 Summ           100%       N/A       0%          2
 Stone Arrow              Conj/Erth      100%       3d13      0%          3
 Volatile Blastmotes      Fire/Tloc      100%       2d18      0%          3
 Brom's Barrelling Bould  Conj/Erth      100%       2d11      0%          4
 Martyr's Knell           Necr/Summ      100%       N/A       0%          4
 Summon Blazeheart Golem  Fire/Summ      100%       N/A       0%          4
 Summon Forest            Summ/Tloc      64%        N/A       0%          5
 Summon Cactus Giant      Summ           75%        N/A       0%          6
 Monstrous Menagerie      Summ           75%        N/A       0%          7
 Summon Hydra             Summ           75%        N/A       0%          7
 Freeze                   Ice            100%       1d10      1%          1
 Kiss of Death            Conj/Necr      100%       2d13      1%          1
 Necrotise                Necr           100%       1d9       1%          1
 Slow                     Hex            100%       N/A       1%          1
 Sting                    Conj/Alch      100%       1d9       1%          1
 Blink                    Tloc           100%       N/A       1%          2
 Ensorcelled Hibernation  Hex/Ice        100%       N/A       1%          2
 Jinxbite                 Hex            100%       N/A       1%          2
 Lesser Beckoning         Tloc           100%       N/A       1%          2
 Mercury Vapours          Alch/Air       100%       N/A       1%          2
 Momentum Strike          Conj/Tloc      100%       3d10      1%          2
 Static Discharge         Conj/Air       100%       3-8/arc   1%          2
 Confusing Touch          Hex            62%        N/A       1%          3
 Frozen Ramparts          Ice            100%       1d16      1%          3
 Fugue of the Fallen      Necr           92%        N/A       1%          3
 Hailstorm                Conj/Ice       84%        3d14      1%          3
 Inner Flame              Hex/Fire       100%       N/A       1%          3
 Mephitic Cloud           Conj/Alch/Air  69%        N/A       1%          3
 Ozocubu's Armour         Ice            87%        N/A       1%          3
 Sigil of Binding         Hex            62%        N/A       1%          3
 Tukima's Dance           Hex            62%        N/A       1%          3
 Vampiric Draining        Necr           92%        2d12      1%          3
 Airstrike                Air            31%        2d(5-21)  1%          4
 Anguish                  Hex/Necr       39%        N/A       1%          4
 Cause Fear               Hex            31%        N/A       1%          4
 Dimensional Bullseye     Hex/Tloc       42%        N/A       1%          4
 Flame Wave               Conj/Fire      100%       2d21      1%          4
 Fulminant Prism          Conj/Alch      36%        3d17      1%          4
 Ignite Poison            Fire/Alch      100%       N/A       1%          4
 Iskenderun's Mystic Bla  Conj/Tloc      92%        2d18      1%          4
 Manifold Assault         Tloc           100%       N/A       1%          4
 Petrify                  Alch/Erth      100%       N/A       1%          4
 Sticky Flame             Fire/Alch      100%       2d15      1%          4
 Summon Lightning Spire   Summ/Air       100%       N/A       1%          4
 Fireball                 Conj/Fire      68%        3d26      1%          5
 Iskenderun's Battlesphe  Conj           81%        2d13      1%          5
 Summon Mana Viper        Hex/Summ       100%       N/A       1%          5
 Dispersal                Tloc           50%        N/A       1%          6
 Plasma Beam              Fire/Air       65%        2x1d82    1%          6
 Starburst                Conj/Fire      68%        6d18      1%          6
 Haunt                    Necr/Summ      63%        N/A       1%          7
 Spellforged Servitor     Conj/Summ      61%        N/A       1%          7
 Freezing Cloud           Conj/Ice/Air   38%        6-21      2%          5
 Death Channel            Necr           46%        N/A       4%          6
 Alistair's Intoxication  Alch           41%        N/A       6%          5
 Yara's Violent Unravell  Hex/Alch       31%        3d13      6%          5
 Conjure Ball Lightning   Conj/Air       36%        3x3d12    17%         6
 Eringya's Noxious Bog    Alch           31%        4d6       32%         6
 Orb of Destruction       Conj           40%        9d11      45%         7
 Disjunction              Tloc           50%        N/A       61%         8
 Enfeeble                 Hex            31%        N/A       87%         7
 Borgnjor's Revivificati  Necr           46%        N/A       87%         8
 Fire Storm               Conj/Fire      68%        8d17      98%         9
 Chain Lightning          Conj/Air       36%        3d48      100%        9
 Death's Door             Necr           46%        N/A       100%        9


Dungeon Overview and Level Annotations

Branches:
Dungeon (15/15)            Temple (1/1) D:5            Lair (5/5) D:9
 Shoals (4/4) Lair:3       Spider (4/4) Lair:3        Slime (5/5) Lair:4
    Orc (2/2) D:12            Elf (3/3) Orc:2        Vaults (5/5) D:14
  Crypt (3/3) Vaults:2       Tomb (3/3) Crypt:3      Depths (4/4) D:15
   Hell (visited)             Dis (7/7) Hell            Geh (7/7) Hell
    Coc (7/7) Hell            Tar (7/7) Hell            Zot (5/5) Depths:4
Desolation (visited)

Altars:
Ashenzari
Cheibriados
Dithmenos
Elyvilon
Fedhas
Gozag
Hepliaklqana
Kikubaaqudgha
Makhleb
Nemelex Xobeh
Okawaru
Qazlal
Sif Muna
Trog
Uskayaw
Wu Jian
Xom
Yredelemnul
Zin
The Shining One

Shops:
D:2 :   D:4 (*   D:12 ([   Orc:2 :*:(   Vaults:1 [   Depths:3 [

Portals:
Hell: Depths:2 Depths:3
Pandemonium: Depths:2
Trove: D:14 (give 12 potions of heal wounds)

Annotations:
D:5 Dowan; Duvessa
D:7 3 runed translucent doors, Rayvis's ghost, novice MiFi
D:9 Harold
Lair:3 shoals + spider
Vaults:1 1 transporter
Vaults:2 1 exclusion
Vaults:4 1 exclusion
Dis:7 Dispater
Geh:7 Asmodeus
Coc:7 Antaeus
Tar:7 1 exclusion
Zot:2 Cerebov


Innate Abilities, Weirdness & Mutations

You are a living statue of rough stone.
Your actions are slow, but your melee attacks are powerful.
You are resistant to unholy torment.
Your maximum health is greatly increased.
You cannot wear most types of armour.
You are amphibious.
You can wear up to eight rings at the same time.
You are immune to poison.
Your skin changes colour to match your surroundings (Stealth+).
((Your rubbery body absorbs attacks. (AC +1, EV +1)))
((You are camouflaged when in or above water. (Stealth+)))
You have tentacles for arms and can constrict up to eight enemies at once.
Your flesh is cold resistant. (rC+)


Message History

A green death comes into view.
You block the Orb Guardian's attack.
You climb upwards.
There is a stone staircase leading down here.
Aiming: Dig
Press: ? - help, Shift-Dir - straight line A rock wall.
This square is covered in magical glow.
The rock shatters into small pieces.
Casting: Passage of Golubria (safe; 1% risk of failure)
Confirm with . or Enter, or press ? or * to list all spells.
Aiming: Passage of Golubria (safe; 1% risk of failure)
Press: ? - help, Dir - move target You enter the passage of Golubria.
There is a passage of Golubria here.
Casting: Passage of Golubria (safe; 1% risk of failure)
Confirm with . or Enter, or press ? or * to list all spells.
Aiming: Passage of Golubria (safe; 1% risk of failure)
Press: ? - help, Dir - move target You enter the passage of Golubria.
You enter the passage of Golubria.
Aiming: Dig
Press: ? - help, Shift-Dir - straight line This square is covered in magical glow.
The rock shatters into small pieces.
Casting: Passage of Golubria (safe; 1% risk of failure)
Confirm with . or Enter, or press ? or * to list all spells.
Aiming: Passage of Golubria (safe; 1% risk of failure)
Press: ? - help, Dir - move target You enter the passage of Golubria.
Aiming: Dig
Press: ? - help, Shift-Dir - straight line A rock wall.
This square is covered in magical glow.
The rock shatters into small pieces.
Found a glowing short sword.
Blink to where?
Press: ? - help, Dir - move target
As you read the scroll of blinking, it crumbles to dust.
You have escaped!

###.............### #
##................)## #
##......####.........##
##.....########........##
#.....###....####...(...#
##....##........###......##
#....###. ##...##.......##
#....##.X.###'#..###......#.
#....##X...8...............#
#....###..##.###^.###......#
##....##. ..##...###..^...#
##....#######....##........
#......####....###........
##............## #....$...
####......#### ##........
######## #.[...>...
#.........


You could see 2 large abominations.

Vanquished Creatures
  the Royal Jelly (Slime:5)
  Mnoleg (Pan)
  Gloorx Vloq (Pan)
  3 dread liches
  An orb of fire (Zot:5)
  3 ancient liches
  3 pandemonium lords (Pan)
  A juggernaut (Dis:5)
  17 royal mummies
  6 shard shrikes
  6 caustic shrikes
  A doom hound (Tar:6)
  5 iron giants
  3 Tzitzimimeh
  2 Brimstone Fiends
  4 Ice Fiends
  2 Orb Guardians (Zot:5)
  3 tainted leviathans
  15 Hell Sentinels
  4 liches
  An acid blob (Slime:5)
  A titan (Pan)
  Murray (Hell)
  2 ancient champions
  Gastronok (Lair:2)
  2 Executioners (Pan)
  2 tentacled starspawn (Abyss:3)
  A draconian monk (Zot:5)
  2 azure jellies (Slime:5)
  3 demonspawn warmongers (Pan)
  A shadow dragon (Depths:4)
  A rockslime (Slime:5)
  A fenstrider witch (Pan)
  3 protean progenitors
  A fire giant (Geh:3)
  2 revenants
  2 draconian scorchers (Zig:12)
  2 draconian shifters (Zig:12)
  2 iron dragons
  2 ghost moths
  4 balrugs (Pan)
  A reaper (Hell)
  A juggernaut zombie (Tomb:3)
  3 curse skulls
  2 demonspawn corrupters (Pan)
  2 cacodemons (Pan)
  4 shard shrike simulacra
  A stone giant (Depths:4)
  An ironbound thunderhulk (Vaults:1)
  A quicksilver ooze (Slime:5)
  8 elemental wellsprings
  A lorocyproca (Pan)
  A red draconian (Zig:12)
  3 occultists (Abyss:3)
  2 deep elf death magi (Elf:3)
  A demonspawn black sun (Pan)
  2 green draconians
  3 white draconians
  2 deep elf annihilators
  A wendigo (Coc:6)
  7 war gargoyles
  A black draconian (Zig:12)
  A crystal guardian (Zig:13)
  A blizzard demon (Hell)
  A jiangshi (Crypt:2)
  3 green deaths (Pan)
  5 mummy priests
  4 iron golems
  A ragged hierophant (Desolation)
  21 vault guards (Vaults:5)
  An ice dragon (Depths:4)
  A salamander tyrant (Geh:5)
  A caustic shrike simulacrum (Coc:7)
  A hell beast (Pan)
  A spriggan skeleton (Tomb:3)
  A rakshasa (Depths:4)
  A spriggan air mage (Pan)
  A catoblepas (Lair:4)
  A merfolk avatar (Abyss:3)
  An ogre mage (Vaults:5)
  A hydra (Lair:2)
  4 nameless horrors
  7 boulder beetles (Dis:4)
  4 two-headed ogres (Orc:2)
  A jorogumo (Pan)
  73 death scarabs
  An orc high priest (Orc:2)
  A satyr (Pan)
  9 hell knights (Hell)
  8 soul eaters
  A crystal echidna (Dis:5)
  9 sun demons (Pan)
  2 iron trolls (Hell)
  4 skeletal warriors
  A sixfirhy (Pan)
  2 glowing orange brains
  4 harpies (Shoals:4)
  A quicksilver dragon simulacrum (Coc:7)
  11 shadow demons (Pan)
  A phantasmal warrior (Crypt:3)
  An ironbound convoker (Vaults:1)
  An orange crystal statue (Zig:12)
  3 necromancers (Hell)
  An obsidian statue (Zig:8)
  A spriggan simulacrum (Coc:6)
  A fenstrider witch simulacrum (Coc:1)
  A shadow dragon skeleton (Tomb:1)
  2 manticores
  3 elephants (Lair:3)
  A centaur zombie (Hell)
  A rust devil (Pan)
  5 cane toads
  4 gargoyles (Zig:13)
  6 smoke demons (Pan)
  An ice statue (Zig:12)
  A black mamba (Lair:5)
  An unseen horror (D:11)
  3 vault sentinels
  10 hellions
  A komodo dragon (Lair:4)
  14 tormentors
  3 freezing wraiths (Hell)
  An anaconda simulacrum (Coc:6)
  2 trolls (Orc:2)
  30 guardian mummies
  A hornet (Lair:5)
  A polar bear (Lair:3)
  A harpy skeleton (Hell)
  A glass eye (Zig:13)
  A saltling (Desolation)
  6 blink frogs
  A wyvern (Lair:2)
  A jumping spider (Spider:4)
  A dire elephant simulacrum (Coc:7)
  7 yaks
  A wraith (D:11)
  9 ynoxinuls (Pan)
  5 ushabtiu
  9 neqoxecs (Pan)
  A redback (Vaults:2)
  4 vampire mosquitoes (D:11)
  4 chaos spawn (Pan)
  6 harpy simulacra
  Edmund (D:5)
  3 water moccasins
  2 naga zombies
  An ice beast (D:5)
  A cane toad skeleton (Crypt:3)
  An orc warrior (Orc:2)
  2 sky beasts
  3 black bears
  3 laughing skulls (Crypt:1)
  5 ogres
  A wolf (Lair:2)
  2 centaurs
  2 phantoms
  A brain worm (Abyss:3)
  4 bullfrogs
  4 scorpions
  3 killer bees (D:7)
  2 howler monkeys
  5 jellies
  3 hounds (D:5)
  A bombardier beetle (D:6)
  3 starcursed masses (Abyss:3)
  A sleepcap (D:7)
  2 iguanas (D:5)
  2 orc wizards
  18 mummies
  An adder (D:5)
  4 ribbon worms
  A dart slug (D:2)
  15 orcs
  5 bats
  4 endoplasms (D:3)
  2 giant cockroaches
  3 goblins
  2 hobgoblins
  2 jackals (D:4)
  A kobold (D:3)
  A quokka (D:2)
  2 ball pythons
  4 rats
  2 aspiring fleshes (Zot:1)
642 creatures vanquished.

Vanquished Creatures (collateral kills)
  6 pandemonium lords
  Lom Lobon (Pan)
  2 dread liches
  5 ancient liches
  Mennas (Tomb:2)
  Bai Suzhen (Vaults:2)
  5 shard shrikes
  5 Killer Klowns
  Geryon (Hell)
  16 caustic shrikes
  3 golden dragons
  8 profane servitors
  6 bone dragons
  8 doom hounds
  7 Tzitzimimeh
  12 Brimstone Fiends
  An electric golem (Zot:5)
  11 hellephants
  Jorgrun (Orc:2)
  11 tentacled monstrosities
  5 iron giants
  19 Orb Guardians (Zot:5)
  Rupert (Orc:2)
  11 Ice Fiends
  7 Hell Sentinels
  13 tainted leviathans
  3 liches
  A quicksilver dragon (Zot:1)
  A walking earthen tome (Depths:3)
  13 titans
  16 searing wretches
  2 deep elf master archers (Elf:3)
  19 Executioners
  19 acid blobs
  2 deep elf blademasters (Elf:3)
  A tentacled starspawn (Abyss:3)
  9 sphinxes
  3 death cobs
  3 eldritch tentacles
  13 ancient champions
  10 storm dragons
  2 revenants
  10 rockslimes
  6 protean progenitors
  5 tengu reavers
  5 draconian knights
  6 shadow dragons
  6 vault wardens
  2 fenstrider witches
  10 azure jellies
  16 narguns
  11 fire giants
  A draconian monk (Zig:12)
  6 iron dragons
  28 balrugs
  A demonspawn warmonger (Pan)
  9 quicksilver elementals
  4 frost giants
  7 emperor scorpions (Spider:4)
  7 shard shrike simulacra
  5 deep elf sorcerers
  3 deep elf elementalists (Elf:3)
  A curse skull (Zig:9)
  2 angels
  A spectral caustic shrike (Tar:3)
  3 ghost moths
  2 spectral juggernauts
  4 draconian annihilators
  4 ironbound preservers
  11 reapers
  A ghoul (Vaults:2)
  7 demonspawn corrupters
  12 cacodemons (Pan)
  4 juggernaut skeletons (Pan)
  2 broodmothers (Spider:4)
  2 formless jellyfish (Slime:2)
  9 quicksilver oozes
  18 very ugly things
  4 demonspawn blood saints (Pan)
  2 caustic shrike skeletons (Pan)
  11 deep elf demonologists
  14 stone giants
  4 vampire knights
  6 deep elf annihilators
  A dire elephant (Lair:3)
  6 demonspawn black suns (Pan)
  5 deep elf death magi
  7 white draconians
  5 green draconians
  4 bunyips
  12 elemental wellsprings
  3 lorocyprocas (Pan)
  2 minotaurs (Shoals:4)
  9 putrid mouths
  2 yellow draconians
  5 spark wasps
  6 black draconians
  A halazid warlock (Desolation)
  4 bennus
  8 wendigos
  A spectral titan (Tar:3)
  8 eidola
  14 green deaths (Pan)
  Snorg (Orc:1)
  8 war gargoyles
  5 iron golems
  4 spectral quicksilver dragons
  5 ettins
  3 crystal guardians (Desolation)
  A quicksilver dragon zombie (D:15)
  A spectral elf (Tar:1)
  3 purple draconians
  16 blizzard demons
  4 fire dragons
  3 spectral iron giants
  4 merfolk impalers
  3 deep elf high priests
  2 shambling mangroves (Zig:10)
  5 vault guards
  6 ragged hierophants
  5 yaktaur captains (Vaults:5)
  5 mummy priests
  A jiangshi (Crypt:2)
  4 spectral spriggans
  2 great orbs of eyes
  3 entropy weavers
  7 caustic shrike simulacra
  4 hydras
  4 juggernaut simulacra
  4 servants of whispers (Desolation)
  10 salamander tyrants
  6 ice dragons
  4 ghost crabs
  2 catoblepae
  3 merfolk avatars
  5 spriggan air magi
  An alligator (Zig:4)
  2 peacekeepers (Desolation)
  5 boulder beetles
  3 ironbound frosthearts
  A jorogumo (Zot:1)
  5 rakshasas
  A death knight (Vaults:2)
  2 ogre magi (Orc:2)
  17 dancing weapons
  A deep troll earth mage (Depths:3)
  5 centaur warriors
  14 satyrs
  4 two-headed ogres (Orc:2)
  A tengu warrior (Depths:1)
  4 stokers
  11 death scarabs (Tomb:3)
  9 death yaks
  8 merfolk aquamancers
  25 hell hogs
  2 deep troll shamans
  An orc high priest (Elf:1)
  3 spriggan berserkers
  3 demonic crawlers
  Urug (Orc:2)
  3 spectral nagas
  6 thrashing horrors
  3 spectral emperor scorpions (Pan)
  7 iron trolls
  A spectral dire elephant (Tar:4)
  8 deep elf knights
  4 hellephant skeletons (Pan)
  2 crystal echidnas (Dis:3)
  A skyshark (Lair:5)
  43 sun demons
  26 soul eaters
  3 hell knights
  3 wretched stars
  A spatial maelstrom (Zig:11)
  A spectral anaconda (Tar:5)
  A sea snake (shapeshifter) (Vaults:5)
  8 sixfirhies (Pan)
  10 skeletal warriors
  21 deep trolls
  A spectral bunyip (Tar:2)
  2 goliath frogs (Zot:1)
  2 quicksilver dragon simulacra (Coc:7)
  7 sea snakes
  2 pharaoh ants (Spider:1)
  An arcanist (Vaults:2)
  2 glowing orange brains
  9 shadow wraiths
  A spectral iron dragon (Tar:1)
  A bunyip zombie (Crypt:2)
  5 phantasmal warriors
  A spriggan druid (Zig:4)
  3 spectral hydras
  4 shadow demons (Pan)
  4 sun moths (Pan)
  5 flayed ghosts
  A golden dragon skeleton (Crypt:3)
  A mana viper (shapeshifter) (Zig:8)
  2 spriggan simulacra
  5 orb spiders (Spider:4)
  20 large abominations
  A lindwurm (shapeshifter) (Zig:8)
  3 orange crystal statues
  3 deep elf archers
  2 lindwurms (Vaults:2)
  20 deep elf pyromancers
  2 necromancers
  4 ironbound convokers
  19 deep elf zephyrmancers
  11 harpies
  6 steelbarb worms
  An orc knight (Orc:2)
  A shining eye (Zig:7)
  2 will-o-the-wisps
  2 cyclopes (Orc:2)
  16 manticores
  2 orc sorcerers (Elf:1)
  14 wolf spiders
  15 ugly things
  14 elephants
  9 fauns
  8 moths of wrath
  A centaur zombie (D:15)
  4 kobold blastminers (Orc:2)
  8 molten gargoyles (Geh:7)
  2 black mambas
  7 vault sentinels
  A shock serpent zombie (Crypt:3)
  A dire elephant zombie (Tomb:3)
  8 water nymphs
  4 merfolk sirens
  13 orange demons (Pan)
  3 titan simulacra
  3 eyes of devastation
  8 cane toads
  32 smoke demons
  A gargoyle (Zig:13)
  2 ice statues
  5 yaktaurs
  2 rime drakes
  An efreet (Pan)
  15 tormentors
  A torpor snail (Zig:13)
  13 hellions
  An elephant slug zombie (Crypt:3)
  7 freezing wraiths
  An unseen horror (D:12)
  4 anaconda simulacra
  An ice devil (Pan)
  5 ancient zymes
  5 komodo dragons
  13 guardian mummies
  6 red devils (Pan)
  5 spectral harpies
  3 silent spectres
  11 trolls
  3 tengu conjurers
  12 hellwings (Pan)
  10 tarantellas
  3 iron giant simulacra
  22 merfolk
  13 nameless horrors
  A polar bear (Lair:5)
  A spriggan zombie (D:15)
  3 wind drakes
  31 saltlings
  10 hornets
  A meliai zombie (D:15)
  5 raiju
  8 snapping turtles
  3 glass eyes (Pan)
  A draconian simulacrum (Coc:2)
  11 dream sheep
  14 blink frogs
  2 iron dragon simulacra
  55 slime creatures
  2 stone giant simulacra
  7 jumping spiders
  A shadow (D:9)
  A small abomination (Abyss:3)
  17 ynoxinuls
  5 spriggans
  10 culicivoras
  4 dire elephant simulacra
  2 basilisks
  A fire bat (Abyss:2)
  2 wyverns (Lair:3)
  2 ushabtiu (Tomb:3)
  4 water elementals
  11 yaks
  A wraith (D:11)
  5 golden eyes
  17 starcursed masses
  An alligator snapping turtle simulacrum (Coc:2)
  A steam dragon (Lair:5)
  7 neqoxecs
  20 redbacks
  A basilisk (shapeshifter) (D:13)
  2 wargs (Orc:1)
  2 spatial vortices (Zig:11)
  14 chaos spawn
  11 harpy simulacra
  An acid dragon (D:11)
  An entropy weaver zombie (Crypt:2)
  4 water moccasins
  A hydra simulacrum (Coc:6)
  A laughing skull (Zig:11)
  14 orc warriors
  A swamp drake (Zig:2)
  2 ettin simulacra
  3 wolves (Lair:2)
  17 ogres
  5 bullfrogs
  An earth elemental (Zig:13)
  A jelly (Abyss:2)
  5 orc priests
  An iron imp (Abyss:1)
  A boggart zombie (D:15)
  6 orc wizards
  A brain worm zombie (Crypt:2)
  8 mummies
  2 ufetubi (Abyss:1)
  28 orcs
  3 aspiring fleshes (Pan)
  A butterfly (Zig:11)
  A creeping inferno (Geh:7)
  A fire vortex (Geh:7)
  4 starspawn tentacles (Abyss:3)
1988 creatures vanquished.

Vanquished Creatures (others)
  A tentacled monstrosity (Pan)
  27 eldritch tentacles
  A thorn hunter (Zig:10)
  A caustic shrike simulacrum (Coc:6)
  An alligator (Zig:10)
  A deep troll earth mage (Depths:4)
  A spriggan berserker (Zig:10)
  A wretched star (Zig:11)
  A spriggan druid (Zig:10)
  A spriggan simulacrum (Coc:5)
  A quicksilver dragon simulacrum (Coc:2)
  An elephant (Lair:3)
  An eye of devastation (Zot:1)
  A smoke demon (Pan)
  An efreet (Pan)
  A bloated husk (Zig:10)
  A spriggan (Zig:10)
  A dire elephant simulacrum (Coc:5)
  A golden eye (Pan)
  A neqoxec (Pan)
  A harpy simulacrum (Coc:7)
  An orc priest (Orc:2)
  A starcursed mass (Zig:11)
  An orc (Orc:2)
  6 ball lightnings (Pan)
  A creeping inferno (Geh:6)
  A fire vortex (Geh:6)
  4 foxfires
  7 snaplasher vines
  A starspawn tentacle (Abyss:3)
70 creatures vanquished.

Grand Total: 2700 creatures vanquished

Notes
Turn   | Place    | Note
-------+----------+-------------------------------------------
     0 | D:1      | Sapher the Octopode Earth Elementalist began the quest for
                  | the Orb.
     0 | D:1      | Reached XP level 1. HP: 11/11 MP: 3/3
   127 | D:1      | Reached XP level 2. HP: 15/17 MP: 1/5
   154 | D:2      | Found Vaericio's Book Shop.
   281 | D:3      | Reached XP level 3. HP: 21/21 MP: 2/6
   285 | D:3      | Learned a level 3 spell: Stone Arrow
   407 | D:3      | Reached XP level 4. HP: 16/27 MP: 8/8
   496 | D:4      | Noticed a scorpion
   504 | D:4      | Killed a scorpion
   505 | D:4      | Reached skill level 1 in Evocations
   505 | D:4      | Reached XP level 5. HP: 26/31 MP: 9/9
   518 | D:4      | Found Zygann's CLEARANCE SALE!.
   522 | D:4      | Bought a potion of curing for 6 gold pieces
   522 | D:4      | Bought a scroll of fog for 8 gold pieces
   606 | D:5      | Entered Level 5 of the Dungeon
   623 | D:4      | Found Biqa's Antique Weapon Emporium.
   647 | D:5      | Noticed Duvessa
   647 | D:5      | Noticed a black bear
   709 | D:5      | Noticed an ogre
   713 | D:5      | Killed an ogre
   714 | D:5      | Reached skill level 5 in Earth Magic
   727 | D:5      | Learned a level 3 spell: Passwall
   785 | D:5      | Killed a black bear
   786 | D:5      | Reached XP level 6. HP: 15/36 MP: 4/11
   969 | D:5      | Reached XP level 7. HP: 41/41 MP: 11/12
  1096 | D:6      | Learned a level 3 spell: Frozen Ramparts
  1212 | D:7      | Reached skill level 1 in Ice Magic
  1212 | D:7      | Reached XP level 8. HP: 46/46 MP: 14/14
  1258 | D:7      | Found a runed translucent gate.
  1258 | D:7      | Found a runed translucent gate.
  1259 | D:7      | Found a runed translucent gate.
  1260 | D:7      | Found an opulent altar of Gozag.
  1265 | D:7      | Noticed a gargoyle
  1265 | D:7      | Noticed Rayvis's ghost (novice MiFi)
  1353 | D:7      | Reached skill level 5 in Spellcasting
  1549 | D:5      | Noticed Dowan
  1588 | D:5      | Noticed Edmund
  1595 | D:5      | Killed Edmund
  1600 | D:5      | Found a staircase to the Ecumenical Temple.
  1604 | Temple   | Entered the Ecumenical Temple
  1631 | Temple   | Became a worshipper of Cheibriados the Contemplative
  1754 | D:7      | Reached XP level 9. HP: 34/51 MP: 18/18
  1801 | D:8      | Found a sparkling altar of Nemelex Xobeh.
  1801 | D:8      | Found a hazy altar of Hepliaklqana.
  1933 | D:9      | Identified a scroll of acquirement
  1933 | D:9      | Acquired 1134 gold pieces
  1949 | D:9      | Noticed Harold
  2120 | D:2      | Bought the Elucidation of Wicked Arts and Beckoning for 500
                  | gold pieces
  2120 | D:2      | Bought a Grand Grimoire for 340 gold pieces
  2126 | D:2      | Learned a level 5 spell: Summon Forest
  2311 | D:9      | Found a bloodstained altar of Trog.
  2330 | D:9      | Noticed a death yak
  2338 | D:9      | Reached skill level 1 in Summonings
  2338 | D:9      | Reached skill level 1 in Translocations
  2351 | D:9      | Reached * piety under Cheibriados
  2399 | D:9      | Noticed a death yak
  2402 | D:9      | You fall into a shaft and drop 2 floors!
  2412 | D:11     | Killed an unseen horror
  2577 | D:11     | Reached skill level 5 in Summonings
  2582 | D:11     | Reached XP level 10. HP: 54/56 MP: 5/20
  2621 | D:11     | Learned a level 7 spell: Malign Gateway
  2643 | D:10     | Entered Level 10 of the Dungeon
  2699 | D:9      | Found a staircase to the Lair.
  2707 | Lair:1   | Entered Level 1 of the Lair of Beasts
  2723 | Lair:1   | Acquired the ring "Gape" {Will+ Int+6}
  2732 | Lair:2   | Noticed a seven-headed hydra
  2779 | Lair:2   | Noticed a cane toad
  2785 | Lair:2   | Killed a cane toad
  2822 | Lair:2   | Reached ** piety under Cheibriados
  2832 | Lair:2   | Noticed Gastronok
  2861 | Lair:2   | Reached skill level 5 in Translocations
  2862 | Lair:2   | Reached skill level 1 in Fighting
  2902 | Lair:2   | Killed Gastronok
  2905 | Lair:2   | Noticed a cane toad
  2908 | Lair:2   | Killed a cane toad
  2909 | Lair:2   | Reached XP level 11. HP: 57/64 MP: 1/21
  3011 | Lair:2   | Reached skill level 10 in Summonings
  3022 | Lair:2   | Reached *** piety under Cheibriados
  3043 | Lair:2   | Noticed a six-headed hydra
  3046 | Lair:2   | Killed a six-headed hydra
  3068 | Lair:2   | Killed a seven-headed hydra
  3262 | Lair:3   | Reached XP level 12. HP: 70/70 MP: 24/24
  3300 | Lair:3   | Reached **** piety under Cheibriados
  3385 | Lair:3   | Noticed a dire elephant
  3392 | Lair:3   | Killed a dire elephant
  3393 | Lair:3   | Reached skill level 1 in Invocations
  3446 | Lair:4   | Noticed a death yak
  3448 | Lair:4   | Noticed a death yak
  3450 | Lair:4   | Noticed a death yak
  3454 | Lair:4   | Killed a death yak
  3455 | Lair:4   | Killed a death yak
  3457 | Lair:4   | Killed a death yak
  3458 | Lair:4   | Reached XP level 13. HP: 79/79 MP: 8/26
  3482 | Lair:4   | Learned a level 8 spell: Summon Horrible Things
  3505 | Lair:4   | Reached ***** piety under Cheibriados
  3530 | Lair:5   | Entered Level 5 of the Lair of Beasts
  3632 | Lair:4   | Reached skill level 10 in Spellcasting
  3636 | Lair:4   | Found a staircase to the Slime Pits.
  3736 | Lair:5   | Reached skill level 5 in Invocations
  3788 | Lair:5   | Reached skill level 15 in Summonings
  3805 | Lair:5   | Got an earthy gem with 2060 turns to spare
  3917 | Lair:3   | Learned a level 3 spell: Ozocubu's Armour
  3922 | Lair:3   | Found a staircase to the Shoals.
  3926 | Shoals:1 | Entered Level 1 of the Shoals
  3938 | Shoals:1 | Reached XP level 14. HP: 80/85 MP: 29/29
  4039 | Shoals:2 | Reached skill level 1 in Shapeshifting
  4085 | Shoals:3 | Reached ****** piety under Cheibriados
  4088 | Shoals:3 | Reached skill level 5 in Dodging
  4121 | Shoals:3 | Reached skill level 5 in Shapeshifting
  4229 | Shoals:4 | Entered Level 4 of the Shoals
  4380 | Shoals:4 | Reached XP level 15. HP: 41/91 MP: 1/30
  4384 | Shoals:4 | Reached skill level 5 in Fighting
  4536 | Shoals:4 | Identified the +2 falchion "Satwiug" {heavy, ^Fragile rF+
                  | rN+}
  4603 | Shoals:4 | Got an azure gem with 592 turns to spare
  4607 | Shoals:4 | Got a barnacled rune of Zot
  4609 | Shoals:4 | Noticed a sphinx
  4632 | Shoals:4 | Killed a sphinx
  4763 | Shoals:1 | Noticed a kraken
  4887 | Lair:3   | Found a hole to the Spider Nest.
  4896 | Spider:1 | Entered Level 1 of the Spider Nest
  4958 | Spider:2 | Reached XP level 16. HP: 99/99 MP: 32/32
  4979 | Spider:4 | Entered Level 4 of the Spider Nest
  5125 | Spider:4 | Reached skill level 10 in Invocations
  5232 | Spider:4 | Reached skill level 10 in Shapeshifting
  5267 | Spider:4 | Got a milky-white gem with 1732 turns to spare
  5272 | Spider:4 | Got a gossamer rune of Zot
  5667 | D:12     | Found Pitug's Armour Shop.
  5668 | D:12     | Found a staircase to the Orcish Mines.
  5675 | D:12     | Found Lile Mubb's Weapon Shop.
  5687 | Orc:1    | Entered Level 1 of the Orcish Mines
  5688 | Orc:1    | Noticed Snorg
  5695 | Orc:1    | Killed Snorg
  5732 | Orc:2    | Entered Level 2 of the Orcish Mines
  5732 | Orc:2    | Found Zetseg's Book Shop.
  5750 | Orc:2    | Reached XP level 17. HP: 105/105 MP: 16/33
  5762 | Orc:2    | Found Waschaim's Book Shop.
  5764 | Orc:2    | Found Jyop's Weapon Emporium.
  5771 | Orc:2    | Bought a book of Cantrips for 176 gold pieces
  5771 | Orc:2    | Bought Great Wizards, Vol. VII for 330 gold pieces
  5773 | Orc:2    | Learned a level 1 spell: Apportation
  5775 | Orc:2    | Found Obaumm's Assorted Antiques.
  5783 | Orc:2    | Bought a faintly glowing lead ring for 130 gold pieces
  5783 | Orc:2    | Identified the ring "Ferch" {MP+9 Str+2 SInv} (You bought
                  | it in a shop on level 2 of the Orcish Mines)
  5825 | Orc:2    | Found a staircase to the Elven Halls.
  5840 | Orc:2    | Learned a level 9 spell: Dragon's Call
  5844 | Elf:1    | Entered Level 1 of the Elven Halls
  6007 | Elf:3    | Entered Level 3 of the Elven Halls
  6149 | Elf:3    | Learned a level 4 spell: Passage of Golubria
  6256 | Elf:3    | Noticed a deep elf master archer
  6259 | Elf:3    | Identified the +9 hand axe "Qyweyte" {flame, +Blink Will+}
  6259 | Elf:3    | Identified the +1 trident of Uskayaw's Whim {venom, rN+}
  6260 | Elf:3    | Noticed a deep elf blademaster
  6262 | Elf:3    | Killed a deep elf master archer
  6266 | Elf:3    | Noticed a deep elf master archer
  6279 | Elf:3    | Killed a deep elf blademaster
  6284 | Elf:3    | Killed a deep elf master archer
  6292 | Elf:3    | Noticed a deep elf blademaster
  6295 | Elf:3    | Killed a deep elf blademaster
  6300 | Elf:3    | Reached XP level 18. HP: 55/110 MP: 31/34
  6315 | Elf:3    | Identified the ring "Vaedojee" {Fire ^Drain rElec Str+3
                  | Int+3 Dex+2} (You took it off a deep elf demonologist on
                  | level 3 of the Elven Halls)
  6356 | Elf:3    | Identified the ring "Zefylo" {rN+ Dex+4}
  6401 | Elf:3    | Identified the +5 falchion of Waalah {vamp, Will+ Str-2
                  | SInv}
  6424 | Elf:3    | Got a shimmering gem with 780 turns to spare
  6523 | Orc:2    | Noticed Urug
  6528 | Orc:2    | Killed Urug
  6529 | Orc:2    | Noticed Jorgrun
  6537 | Orc:2    | Killed Jorgrun
  6550 | Orc:2    | Bought a book of Annihilations for 1020 gold pieces
  6550 | Orc:2    | Noticed Rupert
  6552 | Orc:2    | Killed Rupert
  6626 | D:15     | Entered Level 15 of the Dungeon
  6633 | D:14     | Found a portal to a secret trove of treasure.
  6655 | D:14     | Found a gate to the Vaults.
  6663 | Vaults:1 | Entered Level 1 of the Vaults
  6714 | Vaults:1 | Found a transporter.
  6717 | Vaults:1 | Found Vikuq's Antique Armour Shoppe.
  6777 | Vaults:2 | Noticed Bai Suzhen
  6783 | Vaults:2 | Killed Bai Suzhen
  6799 | Vaults:2 | Found a crumbling gateway.
  6806 | Desolati | Entered the Desolation of Salt
  6904 | Desolati | Identified the ring "Cixuxof" {Int+4 SInv Stlth+}
  6909 | Desolati | Reached skill level 15 in Shapeshifting
  6913 | Desolati | Identified the ring "Qaxil" {rF+ Str+5 Int+6}
  6942 | Desolati | Got Baazxot's Octavo of Pyromania and Open Graves
  6946 | Desolati | Identified the staff of Karma {rF+ rC+++ SInv Stlth- Fire
                  | Earth}
  6951 | Desolati | Got the Octavo of the Helpful Map
  7029 | Vaults:3 | Reached skill level 1 in Necromancy
  7030 | Vaults:3 | Reached XP level 19. HP: 116/116 MP: 36/36
  7052 | Vaults:4 | Learned a level 6 spell: Death Channel
  7064 | Vaults:5 | Entered Level 5 of the Vaults
  7068 | Vaults:5 | Reached skill level 5 in Necromancy
  7118 | Vaults:5 | Got The Last Handbook of the Archmage
  7130 | Vaults:5 | Noticed an ancient lich
  7178 | Vaults:5 | Noticed a golden dragon
  7181 | Vaults:5 | Killed a golden dragon
  7208 | Vaults:5 | Got the Anthology of Metal and Chemistry
  7297 | Vaults:5 | Noticed a tentacled monstrosity
  7298 | Vaults:5 | Killed a tentacled monstrosity
  7327 | Vaults:5 | Identified the +5 morningstar of Yfunnasu {heavy, rElec
                  | rPois Str+2}
  7369 | Vaults:5 | Identified the +4 demon blade "Qyicol" {flame, MP-9 Int+4
                  | Dex+6}
  7392 | Vaults:5 | Reached XP level 20. HP: 125/125 MP: 27/38
  7397 | Vaults:5 | Identified the +1 orcbow "Zew Pops" {flame, Fly rElec
                  | Will++ Int-3}
  7399 | Vaults:5 | Noticed a golden dragon
  7401 | Vaults:5 | Killed a golden dragon
  7408 | Vaults:5 | Reached skill level 15 in Spellcasting
  7429 | Vaults:5 | Identified the +4 great sword of the Sun {venom, Int+3}
  7438 | Vaults:5 | Got a silver rune of Zot
  7438 | Vaults:5 | Got a shining gem with 2144 turns to spare
  7526 | D:14     | You fall into a shaft and drop 1 floor!
  7544 | D:15     | Found a staircase to the Depths.
  7551 | D:15     | Got a smoky gem with 5334 turns to spare
  7572 | D:15     | Learned a level 9 spell: Shatter
  7579 | Depths:1 | Entered Level 1 of the Depths
  7595 | Depths:1 | Reached skill level 10 in Earth Magic
  7684 | Depths:2 | Found a one-way gate leading to the halls of Pandemonium.
  7696 | Depths:2 | Found a gateway to Hell.
  7811 | Depths:3 | Found Wosueb's Armour Shop.
  7829 | Depths:4 | Entered Level 4 of the Depths
  7918 | Depths:4 | Noticed a caustic shrike
  7919 | Depths:4 | Killed a caustic shrike
  7936 | Depths:4 | Found a one-way gateway to a ziggurat.
  7947 | Zig:1    | Entered Level 1 of a ziggurat
  7963 | Zig:2    | Entered Level 2 of a ziggurat
  7968 | Zig:2    | Reached XP level 21. HP: 129/129 MP: 40/40
  7978 | Zig:3    | Entered Level 3 of a ziggurat
  7978 | Zig:3    | Noticed Sorgh the pandemonium lord
  7987 | Zig:3    | Killed Sorgh the pandemonium lord
  8006 | Zig:4    | Entered Level 4 of a ziggurat
  8033 | Zig:5    | Entered Level 5 of a ziggurat
  8039 | Zig:5    | Reached skill level 15 in Earth Magic
  8047 | Zig:6    | Entered Level 6 of a ziggurat
  8074 | Zig:7    | Entered Level 7 of a ziggurat
  8104 | Zig:8    | Entered Level 8 of a ziggurat
  8106 | Zig:8    | Noticed Qoedgh the pandemonium lord
  8106 | Zig:8    | Noticed a Killer Klown
  8106 | Zig:8    | Noticed a Killer Klown
  8110 | Zig:8    | Killed a Killer Klown
  8113 | Zig:8    | HP: 1/167 [Qoedgh the pandemonium lord (31)]
  8119 | Zig:8    | Killed a Killer Klown
  8119 | Zig:8    | Killed Qoedgh the pandemonium lord
  8150 | Zig:8    | Identified the ring of the Byakko {rElec SInv}
  8157 | Zig:8    | Identified the staff "Witz" {rC+ rN+ Int-5 Dex+2 Ice}
  8162 | Zig:8    | Identified the ring of Desertification {Fire Will++ Str-4
                  | SInv Stlth+}
  8183 | Zig:9    | Entered Level 9 of a ziggurat
  8189 | Zig:9    | Noticed a dread lich
  8190 | Zig:9    | Noticed an ancient lich
  8193 | Zig:9    | Killed a dread lich
  8194 | Zig:9    | Killed an ancient lich
  8216 | Zig:9    | Identified the ring "Boetzeh" {Will+ Int+4 Dex+3}
  8223 | Zig:9    | Upgraded the game from 0.31.0-4-g52a2dc7128 to
                  | 0.31.0-7-gf635a9b802
  8224 | Zig:10   | Entered Level 10 of a ziggurat
  8255 | Zig:10   | Found the +16 obsidian axe {drain, demonic, Mesm ^Drain Fly
                  | SInv}
  8262 | Zig:10   | Identified the ring "Uxajinysit" {rC+ Will++ MP-9 Slay+5}
  8264 | Zig:10   | Got the Enchiridion on the Commander
  8295 | Zig:11   | Entered Level 11 of a ziggurat
  8356 | Zig:12   | Entered Level 12 of a ziggurat
  8378 | Zig:12   | Reached XP level 22. HP: 135/135 MP: 42/42
  8410 | Zig:12   | Reached XP level 23. HP: 140/140 MP: 33/43
  8439 | Zig:13   | Entered Level 13 of a ziggurat
  8446 | Zig:13   | Noticed a caustic shrike
  8449 | Zig:13   | Killed a caustic shrike
  8451 | Zig:13   | Noticed a caustic shrike
  8457 | Zig:13   | Killed a caustic shrike
  8685 | Slime:1  | Entered Level 1 of the Pits of Slime
  8747 | Slime:3  | Reached skill level 10 in Dodging
  8771 | Slime:5  | Entered Level 5 of the Pits of Slime
  8797 | Slime:5  | Noticed the Royal Jelly
  8805 | Slime:5  | Killed the Royal Jelly
  8845 | Slime:5  | Got a slimy rune of Zot
  8845 | Slime:5  | Got a starry gem with 167 turns to spare
  8860 | Slime:5  | Identified the staff of the Empty Page {rPois Dex+3 Earth}
  8880 | Slime:5  | Identified the staff "Aloxaapa" {^Fragile rElec Str+3 Conj}
  8895 | Slime:5  | Identified the ring of Maka Ripy {rElec rF+ Dex+2}
  9004 | D:11     | iamserjio: dump pls
  9105 | Pan      | Entered Pandemonium
  9120 | Pan      | Noticed Qahios the pandemonium lord
  9132 | Pan      | Killed Qahios the pandemonium lord
  9133 | Pan      | Reached XP level 24. HP: 99/146 MP: 23/43
  9153 | Pan      | Learned a level 5 spell: Borgnjor's Vile Clutch
  9194 | Pan      | Reached skill level 1 in Fire Magic
  9239 | Pan      | Sapher: so stupid
  9239 | Pan      | Sapher: yellow miscast
  9239 | Pan      | iamserjio: Ive seen worse
  9239 | Pan      | Sapher: and no mp regen
  9239 | Pan      | Sapher: this will be sooo slooow
  9239 | Pan      | Sapher: just to regen full mp
  9240 | Pan      | iamserjio: can you share dump please
  9240 | Pan      | iamserjio: thank you
  9261 | Pan      | Found an exit through the horrors of the Abyss.
  9282 | Pan      | Reached skill level 5 in Fire Magic
  9324 | Pan      | Noticed Athruzxa the pandemonium lord
  9325 | Pan      | Sapher: somehow it's not working without regen mp amulet
  9325 | Pan      | Sapher: at least no working fast
  9367 | Pan      | Sapher: ffs
  9367 | Pan      | iamserjio: you need old trasnmute+sublimation
  9460 | Pan      | Sapher: i probably should better work)))
  9463 | Pan      | Killed Athruzxa the pandemonium lord
  9514 | Pan      | Learned a level 8 spell: Ignition
  9525 | Pan      | Noticed Wafoy the pandemonium lord
  9535 | Pan      | Killed Wafoy the pandemonium lord
  9557 | Pan      | Reached skill level 10 in Fire Magic
  9677 | Pan      | Entered the realm of Lom Lobon.
  9753 | Pan      | Noticed Lom Lobon
  9769 | Pan      | Killed Lom Lobon
  9777 | Pan      | Got a magical rune of Zot
  9806 | Pan      | Reached XP level 25. HP: 151/151 MP: 34/43
  9857 | Pan      | Found an exit through the horrors of the Abyss.
  9926 | Pan      | Noticed Qied the pandemonium lord
  9935 | Depths:2 | Escaped Pandemonium
  9971 | Pan      | Entered Pandemonium
 10022 | Pan      | Noticed Vecyih the pandemonium lord
 10025 | Pan      | Killed Vecyih the pandemonium lord
 10130 | Pan      | Noticed Hamp the pandemonium lord
 10138 | Pan      | Killed Hamp the pandemonium lord
 10200 | Pan      | Learned a level 6 spell: Bombard
 10210 | Pan      | Entered the realm of Gloorx Vloq.
 10505 | Pan      | Learned a level 3 spell: Passwall
 10526 | Pan      | Reached skill level 5 in Stealth
 10532 | Pan      | Noticed Gloorx Vloq
 10537 | Pan      | Killed Gloorx Vloq
 10551 | Pan      | Got a dark rune of Zot
 10616 | Pan      | Entered the realm of Cerebov.
 10655 | Pan      | Reached skill level 1 in Axes
 10670 | Pan      | Acquired the +9 broad axe of the Unbearable God {protect,
                  | Int+7 Dex+6}
 10728 | Pan      | Identified the amulet "Zihaagh" {Regen+ Int+2 Dex+3}
 10746 | Pan      | Got a fiery rune of Zot
 10747 | Pan      | Reached XP level 26. HP: 132/157 MP: 24/45
 10819 | Pan      | Reached skill level 5 in Axes
 10839 | Pan      | Noticed Oney the pandemonium lord
 10844 | Pan      | Killed Oney the pandemonium lord
 10845 | Pan      | Reached skill level 1 in Shields
 11069 | Pan      | Gained mutation: Your magical capacity is low. (-10% MP) [a
                  | cacodemon]
 11074 | Pan      | Noticed Vapocaun the pandemonium lord
 11081 | Pan      | Killed Vapocaun the pandemonium lord
 11150 | Pan      | Got a demonic rune of Zot
 11171 | Pan      | Entered the realm of Mnoleg.
 11189 | Pan      | Noticed Mnoleg
 11196 | Pan      | Killed Mnoleg
 11226 | Pan      | Gained mutation: You are clumsy. (Dex -2) [a neqoxec]
 11324 | Pan      | Reached skill level 5 in Shields
 11360 | Pan      | Got a glowing rune of Zot
 11379 | Pan      | Found an exit through the horrors of the Abyss.
 11384 | Pan      | Took an exit into the Abyss.
 11384 | Abyss:1  | Escaped into the Abyss
 11411 | Abyss:1  | Found a corrupted altar of Lugonu.
 11411 | Abyss:1  | Found a corrupted altar of Lugonu.
 11473 | Abyss:3  | Found a corrupted altar of Lugonu.
 11548 | Abyss:3  | Found a corrupted altar of Lugonu.
 11558 | Abyss:3  | Got an abyssal rune of Zot
 11616 | Abyss:3  | Found a corrupted altar of Lugonu.
 11617 | Abyss:3  | Found a corrupted altar of Lugonu.
 11629 | Depths:2 | Escaped the Abyss
 11630 | Depths:2 | Lost mutation: You are clumsy. (Dex -2) [potion of
                  | mutation]
 11630 | Depths:2 | Lost mutation: Your magical capacity is low. (-10% MP)
                  | [potion of mutation]
 11630 | Depths:2 | Gained mutation: Your flesh is cold resistant. (rC+)
                  | [potion of mutation]
 11641 | Hell     | Entered the Vestibule of Hell
 11642 | Hell     | Noticed Geryon
 11643 | Hell     | Noticed Murray
 11644 | Hell     | Killed Murray
 11709 | Hell     | Reached XP level 27. HP: 162/162 MP: 46/46
 11712 | Hell     | Killed Geryon
 11736 | Hell     | Found a gateway to the ashen valley of Gehenna.
 11767 | Geh:1    | Entered Level 1 of Gehenna
 12019 | Geh:4    | Noticed a dread lich
 12031 | Geh:4    | Killed a dread lich
 12083 | Geh:5    | Noticed an ancient lich
 12086 | Geh:5    | Killed an ancient lich
 12093 | Geh:5    | Noticed a dread lich
 12095 | Geh:5    | Killed a dread lich
 12152 | Geh:6    | Reached skill level 10 in Axes
 12243 | Geh:7    | Entered Level 7 of Gehenna
 12294 | Geh:7    | Reached skill level 10 in Shields
 12322 | Geh:7    | Upgraded the game from 0.31.0-7-gf635a9b802 to
                  | 0.31.0-9-g3a7656b989
 12334 | Geh:7    | Found the -2 hat of the Alchemist {rElec rPois rF+ rC+ rN+
                  | Will+ rMut rCorr}
 12335 | Geh:7    | iamserjio: starting a working day with dcss
 12378 | Geh:7    | Reached skill level 15 in Fire Magic
 12434 | Geh:7    | Identified the ring "Vafei" {Ice rN+ Dex+2}
 12440 | Geh:7    | Got an obsidian rune of Zot
 12443 | Geh:7    | Found the +13 sceptre of Asmodeus
 12443 | Geh:7    | Noticed Asmodeus
 12502 | Hell     | Found a gateway to the decaying netherworld of Tartarus.
 12530 | Tar:1    | Entered Level 1 of Tartarus
 12856 | Tar:5    | You fall into a shaft and drop 1 floor!
 12994 | Tar:7    | Entered Level 7 of Tartarus
 13012 | Tar:7    | Noticed an ancient lich
 13015 | Tar:7    | Killed an ancient lich
 13069 | Tar:7    | Got a bone rune of Zot
 13100 | Hell     | Found a gateway to the freezing wastes of Cocytus.
 13105 | Coc:1    | Entered Level 1 of Cocytus
 13215 | Coc:3    | You fall into a shaft and drop 1 floor!
 13332 | Coc:6    | Noticed an ancient lich
 13334 | Coc:6    | Killed an ancient lich
 13403 | Coc:6    | Paralysed by a wendigo for 1 turns
 13433 | Coc:7    | Entered Level 7 of Cocytus
 13590 | Coc:7    | Sergey: which runes left ?
 13661 | Coc:7    | Reached skill level 10 in Fighting
 13663 | Coc:7    | Noticed Antaeus
 13702 | Coc:7    | Got an icy rune of Zot
 13725 | Hell     | Found a gateway to the Iron City of Dis.
 13746 | Dis:1    | Entered Level 1 of the Iron City of Dis
 13749 | Dis:1    | Noticed an ancient lich
 13751 | Dis:1    | Killed an ancient lich
 13784 | Dis:2    | Noticed an ancient lich
 13784 | Dis:2    | Noticed a dread lich
 13784 | Dis:2    | Noticed an ancient lich
 13785 | Dis:2    | Killed a dread lich
 13785 | Dis:2    | Noticed a dread lich
 13786 | Dis:2    | Killed an ancient lich
 13786 | Dis:2    | Killed an ancient lich
 13787 | Dis:2    | Killed a dread lich
 13868 | Dis:3    | Reached skill level 15 in Dodging
 14066 | Dis:5    | Noticed a juggernaut
 14066 | Dis:5    | Noticed a juggernaut
 14066 | Dis:5    | Noticed a juggernaut
 14068 | Dis:5    | Killed a juggernaut
 14070 | Dis:5    | You fall into a shaft and drop 1 floor!
 14145 | Dis:7    | Entered Level 7 of the Iron City of Dis
 14284 | Dis:7    | Noticed Dispater
 14306 | Dis:7    | Reached skill level 5 in Evocations
 14351 | Dis:7    | Got an iron rune of Zot
 14473 | Vaults:2 | Found a staircase to the Crypt.
 14483 | Crypt:1  | Entered Level 1 of the Crypt
 14531 | Crypt:3  | Entered Level 3 of the Crypt
 14554 | Crypt:3  | Found a staircase to the Tomb.
 14564 | Tomb:1   | Entered Level 1 of the Tomb of the Ancients
 14565 | Tomb:1   | Noticed a royal mummy
 14601 | Tomb:1   | Noticed a royal mummy
 14602 | Tomb:1   | Noticed a royal mummy
 14604 | Tomb:1   | Killed a royal mummy
 14604 | Tomb:1   | Noticed a royal mummy
 14605 | Tomb:1   | Killed a royal mummy
 14605 | Tomb:1   | Noticed a royal mummy
 14606 | Tomb:1   | Killed a royal mummy
 14608 | Tomb:1   | Killed a royal mummy
 14608 | Tomb:1   | Noticed a royal mummy
 14609 | Tomb:1   | Noticed a royal mummy
 14611 | Tomb:1   | Killed a royal mummy
 14611 | Tomb:1   | Killed a royal mummy
 14643 | Tomb:1   | Noticed a royal mummy
 14649 | Tomb:1   | Killed a royal mummy
 14651 | Tomb:1   | Noticed a royal mummy
 14657 | Tomb:1   | Killed a royal mummy
 14696 | Tomb:1   | Noticed a royal mummy
 14697 | Tomb:2   | Noticed Mennas
 14701 | Tomb:2   | Killed Mennas
 14743 | Tomb:3   | Entered Level 3 of the Tomb of the Ancients
 14747 | Tomb:3   | Reached skill level 15 in Shields
 14760 | Tomb:3   | Sapher: 3% to hit me
 14760 | Tomb:3   | Sapher: lol
 14783 | Tomb:3   | Noticed a royal mummy
 14793 | Tomb:3   | Killed a royal mummy
 14794 | Tomb:3   | Noticed a royal mummy
 14796 | Tomb:3   | Noticed a royal mummy
 14859 | Tomb:3   | Killed a royal mummy
 14859 | Tomb:3   | Noticed a royal mummy
 14859 | Tomb:3   | Noticed a royal mummy
 14860 | Tomb:3   | Killed a royal mummy
 14860 | Tomb:3   | Noticed a royal mummy
 14861 | Tomb:3   | Noticed a royal mummy
 14862 | Tomb:3   | Killed a royal mummy
 14862 | Tomb:3   | Killed a royal mummy
 14862 | Tomb:3   | Killed a royal mummy
 14863 | Tomb:3   | Noticed a royal mummy
 14866 | Tomb:3   | Killed a royal mummy
 14866 | Tomb:3   | Killed a royal mummy
 14867 | Tomb:3   | Sapher: 18% to hit me
 14869 | Tomb:3   | Sapher: 0-1 big mummies left
 14869 | Tomb:3   | Noticed a royal mummy
 14872 | Tomb:3   | Killed a royal mummy
 14877 | Tomb:3   | Found the +3 warlock's mirror {omnireflect}
 14900 | Tomb:3   | Got a golden rune of Zot
 14900 | Tomb:3   | Got a sanguine gem with 956 turns to spare
 14926 | Tomb:1   | Sapher: hmm
 14926 | Tomb:1   | iamserjio: shatter and walk with steps and passages
 14926 | Tomb:1   | Sapher: yea, but a bit risky
 14926 | Tomb:1   | Sapher: slow and statue
 14926 | Tomb:1   | Sapher: i am so far ahead that i might pick less risky ways
 14926 | Tomb:1   | Sapher: like tele
 14927 | Tomb:1   | iamserjio: dunno with steps from time seems not very risky
 14956 | Tomb:1   | iamserjio: you was only 2-3 passages away
 14968 | Crypt:3  | Sapher: yeayea)
 14968 | Crypt:3  | Sapher: kids want attention
 15132 | Depths:4 | Found a gate to the Realm of Zot.
 15143 | Depths:4 | Got a midnight gem with 1252 turns to spare
 15160 | Zot:1    | Entered Level 1 of the Realm of Zot
 15306 | Zot:5    | Entered Level 5 of the Realm of Zot
 15325 | Zot:5    | Got a prismatic gem with 564 turns to spare
 15370 | Zot:5    | Noticed an ancient lich
 15373 | Zot:5    | Killed an ancient lich
 15399 | Zot:5    | Noticed an orb of fire
 15409 | Zot:5    | Killed an orb of fire
 15496 | Zot:5    | Got the Orb of Zot
 15550 | Zot:2    | Found the +6 sword of Cerebov {flame}
 15550 | Zot:2    | Noticed Cerebov
 15686 | D:8      | Sapher: 1% to hit
 15790 | D:$      | Escaped with the Orb!

Illustrated notes

Levels and vault maps discovered:
D:1:      dpeg_arrival_snail, layout_basic
D:2:      layout_rooms, serial_shops, nicolae_shop_real_fake_doors
D:3:      layout_rooms
D:4:      layout_basic, serial_shops, shop, nicolae_shop_clearance
D:5:      layout_loops_ring, minmay_temple_entry_ruins,
          minmay_fractal_squares_diagonal_5, uniq_edmund, uniq_duvessa
D:6:      minmay_razor_zed, layout_basic
D:7:      layout_loops_ring, ebering_ghost_gozag, serial_bayou_ford_a,
          grunt_ministairs_12, eino_jars
D:8:      minmay_cornered_nines, layout_cave_pools,
          mainiacjoe_overflow_chevrons, grunt_temple_overflow_open
D:9:      layout_stronghold, mainiacjoe_overflow_six_doors_small,
          dpeg_lair_monsters, uniq_harold
D:10:     layout_stronghold, hangedman_ru_absence
D:11:     layout_long_grid, minmay_st_funbox, serial_bayou_lagoon_a,
          minivault_25
D:12:     layout_gridville, orc_david_3
D:13:     layout_layer_cave
D:14:     layout_small_grid, hellmonk_vaults_attempted_burglary,
          nicolae_trove_entry_free_sample, uniq_azrael
D:15:     gammafunk_depths_entry_grave, layout_rooms, minmay_misc_feat_tower,
          nicolae_yredelemnul_corpse_copse
Temple:   bh_familiar_temple
Lair:1:   layout_concentric_octagons
Lair:2:   layout_regular_city, grunt_megastairs_2, uniq_gastronok
Lair:3:   mu_elephants_graveyard, layout_regular_city, elwin_shoals_entry_rooms,
          hellmonk_spider_entry_life_and_decay, chequers_serial_rivers_small_b
Lair:4:   nzn_motion_control, layout_gridlike, dpeg_slime_entry_enclosed
Lair:5:   gammafunk_lair_ancient_temple, layout_misc_corridors
Shoals:1: layout_shoals, gammafunk_ghost_tricky_traps, yaktaur_hedge,
          uniq_frances
Shoals:2: layout_shoals, nzn_prometheus_bound
Shoals:3: layout_shoals, nicolae_shoals_aquamancer_cove
Shoals:4: shoals_end_hellmonk_lost_city, serial_shops
Spider:1: layout_chambers, hangedman_spider_tarantella_strand
Spider:2: layout_spider_delve, gammafunk_ghost_cemetery
Spider:3: layout_chambers, portal_ice_cave_entry_pillars_1, uniq_donald
Spider:4: guppyfry_spider_rune
Slime:1:  layout_caves
Slime:2:  layout_caves
Slime:3:  layout_caves
Slime:4:  cheibrodos_slime_lost_civilization_1, layout_caves
Slime:5:  slime_pit_nicolae_amoeboid
Orc:1:    layout_caves, serial_shops, shop, uniq_snorg
Orc:2:    st_orc_open, layout_caves, uniq_urug, uniq_rupert, uniq_jorgrun
Elf:1:    nicolae_elf_arrival_no_cutting_in_line, layout_geoelf_octagon,
          hangedman_elf_disciples, serial_library_hellmonk_small_corner,
          minmay_shop_star, uniq_roxanne
Elf:2:    nicolae_elf_blades_splatter_lattice [nicolae_blade_entry_pointy_end],
          layout_rooms, minmay_misc_feat_rows,
          hangedman_elven_crosses_minicolossus, uniq_agnes
Elf:3:    elf_hall, layout_rooms, hangedman_elf_power_crystal
Vaults:1: grunt_vaults_hallway_long, v_rooms_4, nicolae_vaults_sesquioval_fish,
          nicolae_vaults_tetromino_T_1, hangedman_vaults_slice,
          ontoclasm_vaults_fault, vaults_room_hangedman_quadrants,
          hangedman_vaults_slither, v_alt_pattern_2, hangedman_vaults_stagger,
          nicolae_vaults_tetromino_Z_2, layout_vaults_omnigrid, serial_shops,
          nicolae_shop_drivethru
Vaults:2: portal_desolation_entry_nicolae_nacl, v_misc_16,
          ontoclasm_vaults_hangar, nicolae_vaults_network_square,
          nicolae_vaults_storage_room_doors, minmay_crypt_entry_simple_corners,
          v_misc_8, nicolae_vaults_apartment_1, vaults_room_pool,
          nicolae_vaults_big_ls, nicolae_vaults_six-pack, vaults_mumra_hex,
          layout_vaults_ring, uniq_bai_suzhen
Vaults:3: v_alt_pattern_2, nicolae_vaults_quadrants, nicolae_vaults_meiosis,
          v_misc_27, nicolae_vaults_arrows, nicolae_vaults_bisected_slash,
          vaults_mumra_chevron, vaults_room_grunt_arrival_ludios,
          ontoclasm_vaults_shuriken, dpeg_vaults_monster_box, v_misc_23,
          vaults_room_pools, nicolae_vaults_apartment_1,
          nicolae_vaults_tangram_1, layout_vaults_maze_snakey, serial_shops,
          nicolae_shop_peninsula, uniq_margery
Vaults:4: mu_enter_wizlab_1, nicolae_vaults_closet_pinwheel_1, v_misc_17,
          serial_library_hellmonk_angled_corner, special_room_vaults
          [special_room_orc], vaults_dpeg_spiral, vaults_room_semicircle,
          grunt_vaults_diagonal, nicolae_vaults_yaktaur_gun_rack,
          nicolae_vaults_house_3, layout_vaults_big_room
Vaults:5
Crypt:1:  layout_misc_corridors
Crypt:2:  layout_rooms, moated_statue, nicolae_crypt_vampire_mansion
Crypt:3:  david_glass_crypt, layout_misc_corridors,
          nicolae_tomb_entry_unfolded_pyramid_diagonal,
          amcnicky_mini_pool_small, minmay_misc_feat_columns,
          corexii_leaking_fountain, uniq_sojobo
Tomb:1
Tomb:2:   uniq_mennas
Tomb:3
Depths:1: evilmike_marble_ring, layout_basic, patterned_corridor,
          hangedman_geh_valley, kennysheep_crisscross, led_sif_pool
Depths:2: cross_vault, layout_cave_pools, small_statue_intersection, hell_entry,
          pan_entry, nicolae_shop_i_like_small_books_too
Depths:3: minmay_split_circle, layout_gridville, hangedman_coc_ice_floe,
          serial_shops, nicolae_shop_hallway_plus, hangedman_abyss_entry_splay,
          chequers_jeans, kennysheep_nub, serial_bayou_shore_b
Depths:4: grunt_zot_entry_tricorne, layout_honeycomb, enter_ziggurat_b,
          hellmouth_1, minmay_microvault, uniq_grunn
Hell
Dis:1:    layout_subdivisions
Dis:2:    layout_subdivisions, nicolae_dis_liches_on_tour
Dis:3:    layout_gridville
Dis:4:    layout_subdivisions, nicolae_dis_bowling_alley
Dis:5:    layout_regular_city, nicolae_dis_step_into_the_octagon
Dis:6:    layout_gridville, nicolae_dis_strange_trophy_room
Dis:7:    iron_city_of_dis [dis_grunt, dis_wall_5], layout_gridville
Geh:1:    layout_gehenna_lava_caves
Geh:2:    layout_gehenna_lava_caves
Geh:3:    layout_gehenna_lava_caves
Geh:4:    nicolae_geh_i_lava_good_maze [nicolae_geh_lavamaze_diaghalf_recurse,
          nicolae_geh_lavamaze_diaghalf_recurse]
Geh:5:    layout_gehenna_pools_box
Geh:6:    layout_gehenna_pools_basic
Geh:7:    geh_grunt
Coc:1:    layout_cocytus_delve
Coc:2:    layout_ice_bergs
Coc:3:    layout_ice_bergs
Coc:4:    layout_cocytus_water_paths
Coc:5:    layout_ice_bergs, nicolae_coc_icebean_singular
          [nicolae_sub_coc_subbean]
Coc:6:    layout_cocytus_delve
Coc:7:    coc_dpeg
Tar:1:    layout_honeycomb
Tar:2:    layout_grid_maze
Tar:3:    layout_cathedral_of_symmetry, nicolae_tar_four_comb_rooms
Tar:4:    layout_honeycomb
Tar:5:    layout_catacombs
Tar:6:    layout_grid_maze
Tar:7:    tar_old
Zot:1:    layout_concentric_octagons, regret_index_zotdec_dark_gr,
          regret_index_zot_stipple_split, nicolae_rock_paper_scissors
Zot:2:    kennysheep_blocky_room, layout_gridlike, lemuel_baited_zot_trap,
          grunt_ministairs_8
Zot:3:    layout_onion
Zot:4:    layout_gridlike, regret_index_zotdec_onion_hex
Zot:5:    layout_onion

Skill      XL: |  1  2  3  4  5  6  7  8  9 10 11 12 13 14 15 16 17 18 19 20 21 22 23 24 25 26 27 |
---------------+----------------------------------------------------------------------------------+-----
Earth Magic    | 4 5 6 7 8 14 17 18 20 23 | 23.1
Spellcasting   | 3 4 6 7 8 9 11 12 13 14 15 16 18 19 22 | 22.4
Evocations     | 1 4 6 |  6.0
Conjurations   | 2 3 |  3.0
Ice Magic      | 1 4 |  4.0
Stealth        | 4 6 |  6.4
Summonings     | 5 9 12 14 15 16 18 19 20 23 | 23.1
Translocations | 3 5 6 7 |  7.0
Fighting       | 2 4 6 7 14 | 14.3
Dodging        | 3 5 7 8 9 11 13 17 | 17.6
Invocations    | 4 6 8 10 11 12 14 | 14.0
Shapeshifting  | 7 8 10 12 15 16 18 | 18.5
Necromancy     | 2 5 |  5.0
Fire Magic     | 12 13 14 17 | 17.0
Axes           | 4 7 12 | 12.1
Shields        | 6 16 | 16.6

Action                     |  1- 3 |  4- 6 |  7- 9 | 10-12 | 13-15 | 16-18 | 19-21 | 22-24 | 25-27 || total
---------------------------+-------+-------+-------+-------+-------+-------+-------+-------+-------++-------
  Melee: Spear             |    24 |     2 |     1 |    11 |     2 |       |       |       |       ||    40
         Constrict         |     5 |       |       |     2 |     2 |     2 |     2 |     1 |    17 ||    31
         Tentacles         |     3 |       |       |     1 |     1 |     3 |     1 |     5 |    38 ||    52
         Falchion          |       |       |       |       |       |     5 |       |       |       ||     5
         Staff             |       |       |       |       |       |     1 |     2 |    11 |    21 ||    35
         Broad axe         |       |       |       |       |       |       |       |       |    50 ||    50
         Punch             |       |       |       |       |       |       |       |       |     5 ||     5
  Throw: Boomerang         |     8 |       |       |       |       |       |       |       |       ||     8
         Throwing net      |       |       |       |       |     1 |       |       |       |       ||     1
   Cast: Sandblast         |    26 |    25 |    66 |    58 |    11 |     2 |       |       |       ||   188
         Stone Arrow       |       |    10 |    28 |     8 |     1 |       |       |       |       ||    47
         Passwall          |       |       |    17 |       |     3 |    13 |     1 |     7 |     6 ||    47
         Frozen Ramparts   |       |       |     6 |     2 |       |       |       |       |       ||     8
         Summon Forest     |       |       |       |    24 |    24 |     9 |       |       |       ||    57
         Malign Gateway    |       |       |       |     2 |     8 |     5 |     3 |     2 |     9 ||    29
         Summon Horrible T |       |       |       |       |    45 |    52 |    19 |    33 |    87 ||   236
         Ozocubu's Armour  |       |       |       |       |     1 |     2 |       |       |       ||     3
         Apportation       |       |       |       |       |       |    46 |    24 |    22 |    32 ||   124
         Passage of Golubr |       |       |       |       |       |    44 |    32 |    69 |   265 ||   410
         Dragon's Call     |       |       |       |       |       |    15 |    27 |    17 |    86 ||   145
         Death Channel     |       |       |       |       |       |       |     1 |       |       ||     1
         Shatter           |       |       |       |       |       |       |       |    10 |    77 ||    87
         Borgnjor's Vile C |       |       |       |       |       |       |       |    11 |    82 ||    93
         Ignition          |       |       |       |       |       |       |       |     2 |    66 ||    68
         Bombard           |       |       |       |       |       |       |       |       |    22 ||    22
 Invoke: Slouch            |       |       |       |       |     1 |     1 |     3 |     3 |     7 ||    15
         Bend Time         |       |       |       |       |       |       |     1 |       |       ||     1
         Temporal Distorti |       |       |       |       |       |       |       |     1 |       ||     1
         Step From Time    |       |       |       |       |       |       |       |       |     3 ||     3
  Evoke: Wand              |       |     5 |     6 |     5 |    20 |    17 |     6 |    21 |    84 ||   164
         Condenser vane    |       |       |       |       |     1 |     2 |       |     1 |     2 ||     6
         Lightning rod     |       |       |       |       |       |     6 |     1 |     1 |     2 ||    10
         Horn of Geryon    |       |       |       |       |       |       |       |       |     4 ||     4
    Use: Scroll            |       |     3 |    11 |     5 |     4 |    12 |     8 |    14 |    35 ||    92
         Potion            |       |     1 |     4 |       |     2 |     3 |     6 |    13 |    22 ||    51
   Stab: Sleeping          |       |     1 |       |       |       |       |       |       |       ||     1
         Distracted        |       |       |       |       |       |       |       |       |     5 ||     5
         Invisible         |       |       |       |       |       |       |       |       |     1 ||     1
         Betrayed ally     |       |       |       |       |       |       |       |       |     1 ||     1
 Armour: Skin              |    15 |    12 |    48 |    45 |    74 |   119 |   258 |   307 |   676 ||  1554
  Dodge: Dodged            |    13 |    10 |    41 |    32 |    67 |   136 |   220 |   418 |  1142 ||  2079
  Block: Tower shield      |       |       |       |       |       |       |       |       |   722 ||   722
   Form: Statue            |       |       |       |       |       |     1 |       |       |       ||     1
